[Event "Early-Titled-Tuesday-Blitz-March-26-2024"]
[Site "Chess.com"]
[Date "2024.03.26"]
[Round "9"]
[White "mishanick"]
[Black "ActorXu"]
[Result "1-0"]
[WhiteElo "3068"]
[BlackElo "2848"]
[TimeControl "180+1"]
[EndTime "9:42:07 PDT"]
[Termination "mishanick won by checkmate"]

1. d4 Nf6 2. c4 e6 3. Nc3 Bb4 4. Nf3 d5 5. Bg5 h6 6. Bxf6 Qxf6 7. Qa4+ Nc6 8. e3 O-O 9. Be2 Bd7 10. Qb3 dxc4 11. Qxc4 Qg6 12. O-O Bd6 13. Rfd1 Na5 14.
Qd3 Qxd3 15. Bxd3 Nc6 16. Rac1 Rfd8 17. Be2 Be8 18. Ne4 Bf8 19. a3 Rac8 20. Nc5 Rb8 21. b4 Ne7 22. Ne5 Nd5 23. Bf3 c6 24. Rc2 Nc7 25.
g3 f6 26. Ned3 Bf7 27. Rdc1 Nd5 28. Bg4 Nc7 29. Nf4 Re8 30. Nd7 Rbd8 31. Nc5 Rb8 32. h4 g5 33. Nfd3 h5 34. Bf3 gxh4 35. gxh4 Be7 36. Kh2 Kh7 37. Nf4 b6 38. Nd7 Rbd8 39. Rxc6 Rxd7 40. Rxc7 Red8 41. Rxd7 Rxd7 42. Nxh5 e5 43.
dxe5 fxe5 44. Be4+ Kh6 45. Ng3 Bxh4 46. Nf5+ Kh5 47.
Rg1 Bxf2 48. Bf3# 1-0

[Event "Early-Titled-Tuesday-Blitz-March-26-2024"]
[Site "Chess.com"]
[Date "2024.03.26"]
[Round "9"]
[White "rionelG"]
[Black "WindWhistler11"]
[Result "0-1"]
[WhiteElo "2201"]
[BlackElo "2435"]
[TimeControl "180+1"]
[EndTime "9:42:10 PDT"]
[Termination "WindWhistler11 won by resignation"]

1. e4 e6 2. d4 d5 3. Nd2 Nf6 4.
e5 Nfd7 5. c3 c5 6. f4 Nc6 7.
Ngf3 Rb8 8. Nb3 b5 9. Be3 c4 10. Nbd2 b4 11. f5 exf5 12. Be2 Nb6 13. O-O Be7 14.
Qe1 g5 15. Nb1 Be6 16. Bd2 a5 17. b3 g4 18. Ng5 Bxg5 19. bxc4 Nxc4 20. Bxg5 Qxg5 21.
Bxc4 dxc4 22. Kh1 O-O 23. Nd2 bxc3 24. Nb1 c2 25. Nc3 Nxd4 26. Qf2 Rfd8 27. Rac1 h5 28. Qe1 h4 29. Ne2 h3 30. Nxd4 hxg2+ 31. Kxg2 Rxd4 32.
Qxa5 Bd5+ 33. Kg1 g3 34. h3 Qe3+ 0-1

[Event "Early-Titled-Tuesday-Blitz-March-26-2024"]
[Site "Chess.com"]
[Date "2024.03.26"]
[Round "9"]
[White "MikeWizard"]
[Black "Boudicca64"]
[Result "1-0"]
[WhiteElo "2092"]
[BlackElo "1808"]
[TimeControl "180+1"]
[EndTime "9:42:10 PDT"]
[Termination "MikeWizard won on time"]

1. d4 Nf6 2. c4 g6 3. Nc3 Bg7 4.
e4 d6 5. h3 O-O 6. Nge2 e5 7. d5 Nbd7 8. g4 Nc5 9. Ng3 a5 10.
Be3 Nfd7 11. Be2 b6 12. h4 Nf6 13. g5 Ne8 14. h5 f6 15. hxg6 hxg6 16. Qd2 Kf7 17.
Rh7 f5 18. exf5 gxf5 19. O-O-O f4 20. Bxc5 bxc5 21. Nge4 Rh8 22. Bh5+ Kg8 23. Rxh8+ Bxh8 24. Rh1 Bf5 25. f3 Qe7 26. Qh2 Bg7 27. Bg4 Bxg4 28. Qh7+ Kf8 29. fxg4 a4 30. Nb5 Rb8 31. Rh3 Qf7 32. Qf5 1-0

[Event "Early-Titled-Tuesday-Blitz-March-26-2024"]
[Site "Chess.com"]
[Date "2024.03.26"]
[Round "9"]
[White "Happy1712Drummer"]
[Black "Aslanov_Umid"]
[Result "0-1"]
[WhiteElo "2457"]
[BlackElo "2620"]
[TimeControl "180+1"]
[EndTime "9:42:11 PDT"]
[Termination "Aslanov_Umid won by resignation"]

1. e4 c5 2. Nf3 d6 3. Bb5+ Bd7 4. Bxd7+ Qxd7 5. O-O Nc6 6. d3 g6 7. c3 Bg7 8. d4 Nf6 9. Re1 O-O 10. d5 Ne5 11. Nxe5 dxe5 12. a4 e6 13. c4 a6 14. Nc3 exd5 15. Nxd5 Nxd5 16. cxd5 b5 17. Be3 c4 18. Qd2 f5 19. exf5 gxf5 20. Qb4 Qxd5 21. axb5 axb5 22. Rad1 Qb7 23. Bc5 Rfd8 24. Bd6 e4 25. b3 c3 26. Rc1 Rd7 27. Bf4 Qd5 28. h4 Rc8 29. Rc2 Ra7 30. Rec1 Bf8 31. Rd2 Qxd2 32.
Bxd2 Bxb4 0-1

[Event "Early-Titled-Tuesday-Blitz-March-26-2024"]
[Site "Chess.com"]
[Date "2024.03.26"]
[Round "9"]
[White "Statham_01"]
[Black "CarlosjPineror"]
[Result "1-0"]
[WhiteElo "2590"]
[BlackElo "2736"]
[TimeControl "180+1"]
[EndTime "9:42:13 PDT"]
[Termination "Statham_01 won by resignation"]

1. e4 c5 2. a3 e6 3. b4 cxb4 4.
axb4 d5 5. exd5 exd5 6. Bb2 Nf6 7. b5 Bc5 8. d4 Bb4+ 9. c3 Bd6 10. Bd3 Bg4 11. Nf3 O-O 12. O-O Nbd7 13. Nbd2 Re8 14. c4 dxc4 15. Nxc4 Nb6 16. Ne3 Bh5 17. Be2 Nbd5 18.
Ne5 Bxe2 19. Qxe2 Nxe3 20. Qxe3 Qb6 21. Qb3 a6 22. Nxf7 Kf8 23. Ne5 Bxe5 24. dxe5 Nd7 25. Ba3+ Nc5 26. Rac1 Rac8 27. Qe3 1-0

[Event "Early-Titled-Tuesday-Blitz-March-26-2024"]
[Site "Chess.com"]
[Date "2024.03.26"]
[Round "9"]
[White "CADMartin"]
[Black "only_strong_moves"]
[Result "1-0"]
[WhiteElo "2536"]
[BlackElo "2694"]
[TimeControl "180+1"]
[EndTime "9:42:14 PDT"]
[Termination "CADMartin won by resignation"]

1. e4 e5 2. Nf3 Nc6 3. Bb5 a6 4. Ba4 Nge7 5. c3 Ng6 6. O-O d5 7. exd5 Qxd5 8. d4 Bg4 9. Bb3 Qd7 10. dxe5 Qxd1 11. Bxd1 Ncxe5 12. Nxe5 Nxe5 13. Bf4 Nd3 14. Bxc7 Bxd1 15. Rxd1 Nxb2 16. Rd2 Nc4 17. Rd4 b5 18. Nd2 Bc5 19. Re1+ Kf8 20. Rd5 Nxd2 21. Rxd2 Rc8 22.
Rd7 h6 23. Be5 Re8 24. Kf1 f6 25. Bd6+ Bxd6 26. Rxd6 Rxe1+ 27. Kxe1 Ke7 28. Rxa6 Rd8 29. Ra7+ Ke6 30. Rxg7 Ra8 31. Rb7 Rxa2 32. Rxb5 Rc2 33. Rb3 f5 34. Rb6+ Ke5 35. Rxh6 Ke4 36. Re6+ Kd3 37.
Re3+ Kc4 38. g3 Rc1+ 39. Ke2 Rh1 40. h4 Kd5 41. Kf3 Rc1 42. Kf4 1-0

[Event "Early-Titled-Tuesday-Blitz-March-26-2024"]
[Site "Chess.com"]
[Date "2024.03.26"]
[Round "9"]
[White "NastyaHn"]
[Black "ChessQueen"]
[Result "0-1"]
[WhiteElo "2454"]
[BlackElo "2717"]
[TimeControl "180+1"]
[EndTime "9:42:15 PDT"]
[Termination "ChessQueen won on time"]

1. Nc3 c6 2. d4 d5 3. e4 dxe4 4.
Nxe4 Nf6 5. Nxf6+ exf6 6. Be3 Be6 7. Bd3 Nd7 8. Ne2 Bd6 9. c4 O-O 10. Qc2 h5 11. O-O h4 12. h3 Re8 13. Nf4 Nf8 14. Rad1 Rc8 15. Nxe6 Nxe6 16. Bf5 Bb8 17. f4 g6 18. Bg4 f5 19. Be2 Ng5 20. Qc1 Ne4 21. Bf3 Ng3 22. Rfe1 Bd6 23. c5 Bb8 24. b4 Ne4 25. Qc4 b5 26. Qb3 a5 27. a3 a4 28.
Qc2 Qd5 29. Bf2 Bxf4 30. Bxh4 Qb3 31. Qxb3 axb3 32. Bxe4 fxe4 33. Rb1 Bd2 34. Re2 Bc3 35. Bf2 e3 0-1

[Event "Early-Titled-Tuesday-Blitz-March-26-2024"]
[Site "Chess.com"]
[Date "2024.03.26"]
[Round "9"]
[White "RianKapriaga"]
[Black "Joachim100x"]
[Result "0-1"]
[WhiteElo "2351"]
[BlackElo "2533"]
[TimeControl "180+1"]
[EndTime "9:42:16 PDT"]
[Termination "Joachim100x won on time"]

1. d4 d5 2. Nf3 e6 3. Bf4 c5 4. e3 Nc6 5. Nbd2 Nf6 6. c3 Be7 7.
Bd3 O-O 8. O-O b6 9. Ne5 Bb7 10.
Qf3 Nd7 11. Qh3 f5 12. g4 Ndxe5 13. dxe5 g6 14. gxf5 exf5 15. Rad1 Qd7 16. Bb5 Qe6 17. Bxc6 Qxc6 18. Bg5 Bxg5 19. f4 Be7 20. Kf2 Rad8 21. Nf3 d4 22. exd4 Qxf3+ 23. Qxf3 Bxf3 24. Kxf3 cxd4 25. cxd4 Rd5 26. Rd3 Rfd8 27. Rfd1 Kf7 28. a3 Ke6 29. b4 h6 30. Ke3 g5 31. fxg5 hxg5 32. Rc1 Rh8 33. Rh1 Rh3+ 34. Kd2 Rxd3+ 35. Kxd3 g4 36. h3 g3 37. Rg1 Bh4 38. Ke3 Rd8 39. Rd1 Rc8 40. Kf4 Rc4 41. Kf3 Kd5 42. Kf4 Rxd4+ 0-1

[Event "Early-Titled-Tuesday-Blitz-March-26-2024"]
[Site "Chess.com"]
[Date "2024.03.26"]
[Round "9"]
[White "Chxss_Khxsbu"]
[Black "mortngabriel"]
[Result "0-1"]
[WhiteElo "1811"]
[BlackElo "2478"]
[TimeControl "180+1"]
[EndTime "9:42:20 PDT"]
[Termination "mortngabriel won by resignation"]

1. e4 c5 2. Nf3 Nc6 3. d4 cxd4 4. Nxd4 Nf6 5. Nc3 e5 6. Ndb5 d6 7. Bg5 a6 8. Na3 b5 9. Nd5 Be7 10. Bxf6 Bxf6 11. c3 O-O 12. Nc2 Rb8 13. Be2 Bg5 14.
O-O Ne7 15. a4 bxa4 16. Ncb4 Bb7 17. Rxa4 Nxd5 18. exd5 a5 19. Nd3 Bxd5 20. Qa1 Ra8 21. Qa3 Bc6 22. Rg4 h5 23. Rc4 Bb5 24. Re4 f5 25.
Qb3+ Kh7 26. Rxe5 Bxd3 27. Bxd3 dxe5 0-1

[Event "Early-Titled-Tuesday-Blitz-March-26-2024"]
[Site "Chess.com"]
[Date "2024.03.26"]
[Round "9"]
[White "tetrix83"]
[Black "kids2010"]
[Result "0-1"]
[WhiteElo "2624"]
[BlackElo "2806"]
[TimeControl "180+1"]
[EndTime "9:42:22 PDT"]
[Termination "kids2010 won on time"]

1. e4 c6 2. d4 d5 3. exd5 cxd5 4. Bd3 Nf6 5. h3 Nc6 6. c3 g6 7. Nf3 Bf5 8. Be2 Bg7 9. O-O O-O 10. Bf4 Rc8 11.
Nbd2 h6 12. Re1 a6 13. a4 Ne4 14. Nf1 g5 15. Bh2 Bg6 16. Ne3 e6 17. Ng4 f6 18.
Bf1 h5 19. Ne3 f5 20. Be5 g4 21. Bxg7 Kxg7 22. Nd2 f4 23. Nc2 Qh4 24. Nxe4 dxe4 25. d5 exd5 26. Qxd5 Rcd8 27. Qc5 e3 28. Nxe3 fxe3 29.
Qxe3 gxh3 30. g3 Qf6 31. Bxh3 Rde8 32. Qb6 Ne5 33. Qxf6+ Kxf6 34. Bg2 b6 35. a5 b5 36. Rad1 Nd3 37. Rxe8 Rxe8 38. Bb7 Re6 39. b3 Nc5 40. Bc8 Rc6 0-1

[Event "Early-Titled-Tuesday-Blitz-March-26-2024"]
[Site "Chess.com"]
[Date "2024.03.26"]
[Round "9"]
[White "Dewarfd"]
[Black "LeninGuerra"]
[Result "0-1"]
[WhiteElo "2149"]
[BlackElo "2670"]
[TimeControl "180+1"]
[EndTime "9:42:25 PDT"]
[Termination "LeninGuerra won on time"]

1. c4 e5 2. Nc3 Nf6 3. g3 Bc5 4.
Bg2 a6 5. e4 O-O 6. Nge2 d6 7.
O-O Ba7 8. Nd5 c6 9. Nxf6+ Qxf6 10. d3 Bg4 11. Be3 Bxe3 12. fxe3 Qh6 13. Qe1 Qxe3+ 14. Rf2 Bxe2 15. Qxe2 Qxe2 16. Rxe2 Nd7 17. b4 a5 18.
Rb1 axb4 19. Rxb4 Nc5 20. Rd2 Rfd8 21. d4 exd4 22. Rxd4 Kf8 23. Rd2 Ke7 24. h4 f6 25.
g4 Ra3 26. g5 Rda8 27. gxf6+ gxf6 28. Rbb2 Re3 29. Re2 Raa3 30. Kf2 Rxe2+ 31. Rxe2 Rc3 32.
Re3 Rc2+ 33. Kg1 Rxc4 34. Rg3 Ne6 35. Rg8 b5 36. Rh8 Nf8 37. Rg8 Kf7 38. Rg4 Ng6 39.
h5 Ne5 40. Rg3 b4 41. Bf1 Rxe4 0-1

[Event "Early-Titled-Tuesday-Blitz-March-26-2024"]
[Site "Chess.com"]
[Date "2024.03.26"]
[Round "9"]
[White "Shuvalov"]
[Black "AsaHoffmann"]
[Result "0-1"]
[WhiteElo "2581"]
[BlackElo "2422"]
[TimeControl "180+1"]
[EndTime "9:42:26 PDT"]
[Termination "AsaHoffmann won by resignation"]

1. d4 Nf6 2. c4 c5 3. d5 e5 4. dxe6 fxe6 5. Nc3 d5 6. cxd5 exd5 7. e4 d4 8. e5 Nfd7 9. Bb5 dxc3 10. e6 cxb2 11. Bxb2 Qa5+ 12. Qd2 Qxb5 13. exd7+ Bxd7 14.
O-O-O Na6 15. Re1+ Kd8 16. Nf3 Qa4 17. Ne5 Kc7 18.
Nf7 Rg8 19. Be5+ Kb6 20. Re3 Bc6 21. Rb3+ Nb4 22. Nd6 Bxd6 23. Bxd6 Rgd8 24. Rd1 Ka6 25. Kb2 Qxa2+ 26. Kc3 Qxd2+ 27. Rxd2 b6 28. Be5 Rxd2 29. Kxd2 Rd8+ 30. Ke3 g6 31. f4 Kb5 32. g4 a5 33.
Kf2 a4 34. Rb1 a3 35. Kg3 a2 36. Rc1 Bd5 37. Kh4 Nd3 38. Rd1 Nxe5 39. fxe5 Re8 40. Rxd5 a1=Q 0-1

[Event "Early-Titled-Tuesday-Blitz-March-26-2024"]
[Site "Chess.com"]
[Date "2024.03.26"]
[Round "9"]
[White "ragnaroek66"]
[Black "gpsji27"]
[Result "1-0"]
[WhiteElo "2502"]
[BlackElo "2347"]
[TimeControl "180+1"]
[EndTime "9:42:26 PDT"]
[Termination "ragnaroek66 won on time"]

1. d4 d5 2. c4 e6 3. Nf3 Nf6 4. g3 Be7 5. Bg2 O-O 6. O-O dxc4 7. Qc2 a6 8. a4 Bd7 9. Qxc4 Bc6 10. Bg5 Bd5 11. Qc2 Be4 12. Qc1 Nc6 13. Nbd2 Bg6 14. e3 Nb4 15. Ne5 Nfd5 16. Bxe7 Qxe7 17. Rd1 Bc2 18. Rf1 f6 19. Nec4 b5 20. axb5 axb5 21. Rxa8 Rxa8 22. Na3 Bd3 23. Re1 Na2 24. Qd1 Nac3 25.
Qb3 b4 26. Nac4 Bxc4 27. Qxc4 Nb6 28. Qb3 1-0

[Event "Early-Titled-Tuesday-Blitz-March-26-2024"]
[Site "Chess.com"]
[Date "2024.03.26"]
[Round "9"]
[White "PapaieDudu"]
[Black "BestestBP"]
[Result "1-0"]
[WhiteElo "2438"]
[BlackElo "2217"]
[TimeControl "180+1"]
[EndTime "9:42:30 PDT"]
[Termination "PapaieDudu won by checkmate"]

1. e4 e5 2. f4 d5 3. exd5 exf4 4. Nf3 Nf6 5. Bb5+ c6 6. dxc6 bxc6 7. Bc4 Bc5 8. d4 Bb6 9. O-O O-O 10. Bxf4 Bg4 11. c3 Nbd7 12. Nbd2 Nd5 13. Bg5 Qxg5 14. Nxg5 Bxd1 15.
Raxd1 Ne3 16. Rxf7 Nxc4 17. Rxf8+ Rxf8 18. Nxc4 Rf5 19. Nxb6 Nxb6 20. Nf3 Na4 21. Rd2 Rd5 22. Kf2 Nb6 23.
b3 h6 24. c4 Rd7 25. Ne5 Rd6 26. Ke3 Rf6 27. Rf2 Rd6 28. Ke4 Re6 29. d5 cxd5+ 30. cxd5 Rd6 31. Rd2 Rd8 32. d6 g5 33. d7 Kf8 34. Kf5 Kg8 35. Ke6 Kf8 36. Nc6 Rxd7 37. Rxd7 Nxd7 38. Kxd7 Kf7 39. Nxa7 Kf6 40. b4 Kf5 41. b5 Kf4 42. b6 Ke3 43. b7 Kf2 44. g4 Kg2 45. b8=Q Kh3 46. Qg3# 1-0

[Event "Early-Titled-Tuesday-Blitz-March-26-2024"]
[Site "Chess.com"]
[Date "2024.03.26"]
[Round "9"]
[White "Igor_Lysyj"]
[Black "ChristopherYoo"]
[Result "1-0"]
[WhiteElo "2865"]
[BlackElo "2955"]
[TimeControl "180+1"]
[EndTime "9:42:32 PDT"]
[Termination "Igor_Lysyj won by checkmate"]

1. d4 d6 2. Nf3 Nf6 3. c4 g6 4.
Nc3 Bg7 5. e4 O-O 6. Be2 e5 7.
Be3 Na6 8. O-O Qe7 9. Nd5 Nxd5 10. cxd5 exd4 11. Bxd4 Qxe4 12. Bxg7 Kxg7 13. Rc1 Nc5 14. Rc4 Qe7 15. b4 Ne4 16. Qa1+ Nf6 17. Rf4 Bf5 18. Re1 Qd8 19. Nh4 Bd7 20. Bd3 Re8 21. Rxe8 Bxe8 22. Nf3 Qe7 23. g4 g5 24. Re4 Qd8 25. Nxg5 Kg8 26.
Rxe8+ Nxe8 27. Bxh7+ Kf8 28. Qh8+ Ke7 29. Qg8 Kf6 30.
Qxf7+ Kxg5 31. Qg6+ Kf4 32. Qf5# 1-0

[Event "Early-Titled-Tuesday-Blitz-March-26-2024"]
[Site "Chess.com"]
[Date "2024.03.26"]
[Round "9"]
[White "scarabee43"]
[Black "Boundless_Strike"]
[Result "1-0"]
[WhiteElo "2840"]
[BlackElo "2615"]
[TimeControl "180+1"]
[EndTime "9:42:35 PDT"]
[Termination "scarabee43 won by checkmate"]

1. Nf3 d6 2. d4 e5 3. dxe5 Bg4 4. g3 Nc6 5. Bg2 Qd7 6. O-O O-O-O 7. c4 Bh3 8. Nc3 Bxg2 9. Kxg2 dxe5 10. Be3 Qxd1 11. Rfxd1 Rxd1 12. Rxd1 f6 13. Ne4 Nge7 14. g4 b6 15. a3 Nd8 16. b4 Ne6 17. Bc1 Nc6 18. e3 Be7 19. h4 h5 20. g5 Ncd8 21. Bb2 Nf7 22. gxf6 gxf6 23. Ng3 Ng7 24. Nd2 f5 25. Nf3 Bf6 26. Rd5 Re8 27. Kf1 Re6 28. b5 Re7 29. a4 c6 30. bxc6 Re6 31. Rd7 Nd6 32.
Bxe5 Bxe5 33. Nxe5 Rxe5 34. Rxg7 a5 35. Nxh5 Nxc4 36. Nf4 b5 37. h5 bxa4 38. h6 a3 39.
h7 Re8 40. Rg8 Nd6 41. Rxe8+ Nxe8 42. h8=Q a2 43. Qxe8+ Kc7 44. Qd7+ Kb6 45. Qd4+ Kc7 46. Qc3 Kc8 47. Nd5 Kd8 48. Qh8# 1-0

[Event "Early-Titled-Tuesday-Blitz-March-26-2024"]
[Site "Chess.com"]
[Date "2024.03.26"]
[Round "9"]
[White "Kacparov"]
[Black "Oleksandr_Bortnyk"]
[Result "1-0"]
[WhiteElo "2909"]
[BlackElo "3058"]
[TimeControl "180+1"]
[EndTime "9:42:36 PDT"]
[Termination "Kacparov won on time"]

1. e4 Nf6 2. e5 Nd5 3. d4 d6 4. Nf3 dxe5 5. Nxe5 c6 6. Be2 Bf5 7. O-O Nd7 8. Nf3 e6 9. c4 N5f6 10. Nc3 Bd6 11. Be3 O-O 12. h3 e5 13. dxe5 Nxe5 14. Qd4 Qc7 15. Rad1 Nxf3+ 16. Bxf3 Bh2+ 17.
Kh1 Be5 18. Qh4 Rad8 19. Bd4 Bxd4 20. Rxd4 Qb6 21. Rxd8 Rxd8 22. Qf4 Qxb2 23. Nd1 Qxa2 24. Qxf5 Qxc4 25. Ne3 Qa2 26. Qe5 Re8 27. Qd4 a5 28. Kg1 h6 29. Ra1 Qb3 30. Rxa5 Qb1+ 31. Kh2 Qe1 32.
Ra2 Qc1 33. Qb4 b5 34. Rc2 c5 35. Qxb5 Qa1 36. Qxc5 Qa4 37. Bc6 Qf4+ 38. g3 1-0

[Event "Early-Titled-Tuesday-Blitz-March-26-2024"]
[Site "Chess.com"]
[Date "2024.03.26"]
[Round "9"]
[White "sokidze"]
[Black "Orest_Vovk"]
[Result "1-0"]
[WhiteElo "2795"]
[BlackElo "2589"]
[TimeControl "180+1"]
[EndTime "9:42:36 PDT"]
[Termination "sokidze won by resignation"]

1. d4 h6 2. e4 g5 3. Ne2 Bg7 4. Ng3 c5 5. Nf5 Bxd4 6. Nxd4 cxd4 7. Qxd4 Nf6 8. Nc3 Nc6 9. Qd1 d6 10. Be2 Be6 11. O-O Ne5 12. b3 Rc8 13. Bb2 h5 14. Qd2 g4 15. Kh1 h4 16. f4 gxf3 17. gxf3 Qb6 18.
f4 Neg4 19. f5 Rxc3 20. Qxc3 Nf2+ 21. Rxf2 Qxf2 22. fxe6 fxe6 23. Qf3 Qc5 24. Bxf6 exf6 25. Qxf6 Rh7 26. Qxe6+ Re7 27. Qg8+ Kd7 28. Bg4+ 1-0

[Event "Early-Titled-Tuesday-Blitz-March-26-2024"]
[Site "Chess.com"]
[Date "2024.03.26"]
[Round "9"]
[White "dodorox"]
[Black "LeoWin2012"]
[Result "1-0"]
[WhiteElo "2135"]
[BlackElo "2281"]
[TimeControl "180+1"]
[EndTime "9:42:36 PDT"]
[Termination "dodorox won by checkmate"]

1. d4 Nf6 2. c4 e6 3. Nc3 Bb4 4. Bd2 d5 5. e3 O-O 6. Nf3 c6 7. Bd3 Nbd7 8. O-O dxc4 9. Bxc4 Nb6 10. Bb3 Nbd5 11. Rc1 Bd7 12. Qe2 Nxc3 13. bxc3 Bd6 14. e4 Be7 15. e5 Nd5 16. Bc2 Nc7 17. Qe4 g6 18. Bh6 Re8 19. Qg4 Nd5 20. Bb1 f6 21.
Bxg6 Bf8 22. Bxe8+ Kh8 23. Bxf8 Qe7 24. Bxe7 Nxe7 25.
exf6 Nf5 26. Bxd7 Rg8 27. Qh5 h6 28. Bxe6 Nh4 29. Qxh6# 1-0

[Event "Early-Titled-Tuesday-Blitz-March-26-2024"]
[Site "Chess.com"]
[Date "2024.03.26"]
[Round "9"]
[White "kingofthenil"]
[Black "Cobysters"]
[Result "0-1"]
[WhiteElo "2765"]
[BlackElo "2598"]
[TimeControl "180+1"]
[EndTime "9:42:39 PDT"]
[Termination "Cobysters won on time"]

1. e4 c5 2. d3 Nc6 3. g3 g6 4. Bg2 Bg7 5. f4 b5 6. Nf3 e6 7. O-O Nge7 8. Nbd2 O-O 9. a4 b4 10.
e5 f6 11. exf6 Bxf6 12. Ne4 Bg7 13. Nxc5 Qb6 14. Be3 d6 15. a5 Nxa5 16. Ng5 Nd5 17. Bxd5 exd5 18. Rxa5 Qxa5 19. Qf3 dxc5 20. Qxd5+ Kh8 21.
Qxa8 Bh3 22. Qd5 Bxf1 23. Nf7+ Rxf7 24. Qxf7 h5 25. Kxf1 Qa1+ 26. Kg2 Qxb2 27. Qxg6 Qxc2+ 28. Bf2 Qe2 29. f5 Bd4 30. Qh6+ Kg8 31. Qg6+ Kf8 32.
Qd6+ Ke8 33. Qc6+ Ke7 0-1

[Event "Early-Titled-Tuesday-Blitz-March-26-2024"]
[Site "Chess.com"]
[Date "2024.03.26"]
[Round "9"]
[White "Stanbad1"]
[Black "Pelusiansky"]
[Result "1-0"]
[WhiteElo "2660"]
[BlackElo "2544"]
[TimeControl "180+1"]
[EndTime "9:42:43 PDT"]
[Termination "Stanbad1 won by checkmate"]

1. d4 Nf6 2. Nc3 d5 3. Bf4 c6 4. e3 g6 5. h4 Nbd7 6. Bd3 Bg7 7.
Nf3 h5 8. Ne5 Nxe5 9. Bxe5 Bg4 10. f3 Be6 11. Qe2 Qa5 12. O-O-O b5 13. a3 b4 14. axb4 Qxb4 15. Ba6 O-O 16. Rhg1 Rab8 17. Bxb8 Rxb8 18. Bd3 c5 19. Bb5 c4 20. g4 hxg4 21.
fxg4 Rxb5 22. Nxb5 Qxb5 23. c3 Ne4 24. h5 g5 25. Qc2 Qd7 26. Rdf1 Bxg4 27. Qh2 Bh6 28.
Qe5 f6 29. Qb8+ Kg7 30. Qa8 Be6 31. Qb8 g4 32. Rf4 f5 33. Qe5+ Nf6 34. Rgf1 Bxf4 35. Qxf4 Nh7 36. Qe5+ Kf7 37. Qh8 Nf6 38. h6 Kg6 39.
Qg7+ Kh5 40. Rh1# 1-0

[Event "Early-Titled-Tuesday-Blitz-March-26-2024"]
[Site "Chess.com"]
[Date "2024.03.26"]
[Round "9"]
[White "JJDAREK"]
[Black "vladgoncharov"]
[Result "0-1"]
[WhiteElo "2384"]
[BlackElo "2592"]
[TimeControl "180+1"]
[EndTime "9:42:43 PDT"]
[Termination "vladgoncharov won on time"]

1. d4 Nf6 2. c4 c5 3. d5 e6 4. Nc3 exd5 5. cxd5 d6 6. Nf3 g6 7. Bg5 h6 8. Bh4 Bg7 9. e4 g5 10. Bg3 Nh5 11. Bb5+ Kf8 12. O-O Nxg3 13. hxg3 a6 14. Bd3 b5 15. a4 c4 16. Be2 b4 17.
Na2 a5 18. Bxc4 Bxb2 19. Rb1 Bf6 20. Re1 Nd7 21. Bb5 Nc5 22. e5 dxe5 23. Nxe5 Kg7 24. Nc6 Qd6 25. Nc1 Bf5 26. Nb3 Bxb1 27. Qxb1 Qxd5 28.
Nxc5 Qxc5 29. Rc1 Bc3 30. Qd3 Rhe8 31. Qf3 Re1+ 32. Rxe1 Bxe1 33. Kf1 Bc3 34. g4 Re8 35. Kg1 Re1+ 36. Kh2 Qd6+ 37. g3 Qd1 0-1

[Event "Early-Titled-Tuesday-Blitz-March-26-2024"]
[Site "Chess.com"]
[Date "2024.03.26"]
[Round "9"]
[White "ajedrezsinlimites"]
[Black "ural58"]
[Result "1-0"]
[WhiteElo "2638"]
[BlackElo "2476"]
[TimeControl "180+1"]
[EndTime "9:42:44 PDT"]
[Termination "ajedrezsinlimites won by resignation"]

1. e4 d5 2. exd5 Qxd5 3. Nc3 Qa5 4. Nf3 Nf6 5. Be2 Nc6 6. O-O Bg4 7. Re1 e6 8. d3 O-O-O 9. Bd2 h6 10. h3 Bh5 11. a3 Qc5 12. b4 Qd6 13. Nb5 Qd7 14. Rb1 g5 15. Bc3 Bg7 16. a4 Rhg8 17. Ne5 Nxe5 18.
Bxe5 Bxe2 19. Qxe2 a6 20. Nxc7 g4 21. b5 a5 22. b6 Nd5 23. Nxd5 Qxd5 24. Rb5 Qc6 25. hxg4 Bxe5 26. Qxe5 Kd7 27. Qf6 Ke8 28. f3 Qxc2 29. Rxe6+ Kd7 30. Re7+ Kc8 31. Qf5+ Kb8 32. Qe5+ 1-0

[Event "Early-Titled-Tuesday-Blitz-March-26-2024"]
[Site "Chess.com"]
[Date "2024.03.26"]
[Round "9"]
[White "DrVelja"]
[Black "Coach_Istvanovszki"]
[Result "1-0"]
[WhiteElo "2992"]
[BlackElo "2571"]
[TimeControl "180+1"]
[EndTime "9:42:46 PDT"]
[Termination "DrVelja won by resignation"]

1. Nf3 g6 2. e4 c5 3. c3 d6 4. d4 Nf6 5. dxc5 Nc6 6. cxd6 Nxe4 7. Nbd2 Nxd6 8. Nc4 Nxc4 9. Qxd8+ Nxd8 10. Bxc4 Bg7 11. Be3 O-O 12. Rd1 Nc6 13. Bd5 Rd8 14. O-O Bg4 15. h3 Bf5 16. g4 Bd7 17. Ng5 e6 18.
Bg2 Be8 19. Ne4 Be5 20. f4 Bc7 21. Nf6+ Kg7 22. Nxe8+ Rxe8 23. Rd7 Rac8 24. Rfd1 Red8 25. Bxc6 bxc6 26. Rxd8 Bxd8 27. Bxa7 Ra8 28. Bd4+ Bf6 29. a3 Ra5 30. Kf2 c5 31. Bxf6+ Kxf6 32. Ke3 c4 33.
Ra1 e5 34. a4 Ke6 35. g5 f5 36.
gxf6 Kxf6 37. Ke4 exf4 38. Kxf4 g5+ 39. Ke4 h5 40. Kd4 g4 41. hxg4 hxg4 42. Kxc4 g3 43.
b4 Rg5 44. a5 g2 45. Rg1 Ke6 46. a6 Kd6 47. a7 Rg4+ 48. Kb3 Rg8 49. Rxg2 1-0

[Event "Early-Titled-Tuesday-Blitz-March-26-2024"]
[Site "Chess.com"]
[Date "2024.03.26"]
[Round "9"]
[White "Let_it_be_1"]
[Black "jaskol95"]
[Result "0-1"]
[WhiteElo "2641"]
[BlackElo "2488"]
[TimeControl "180+1"]
[EndTime "9:42:49 PDT"]
[Termination "jaskol95 won by resignation"]

1. e4 e6 2. d4 d5 3. Nd2 Nf6 4.
e5 Nfd7 5. Bd3 c5 6. c3 Nc6 7. Ne2 cxd4 8. cxd4 f6 9. exf6 Nxf6 10.
Nf3 Bd6 11. O-O O-O 12. Bf4 Bxf4 13. Nxf4 Ne4 14. Nh5 Ng5 15. Ne5 Nxd4 16. h4 Ne4 17. Qg4 Nf5 18. Bxe4 dxe4 19. g3 Qd4 20. Qf4 Nxh4 21. Qg5 Qxe5 22. Qxh4 Bd7 23. Rad1 Bc6 24. Qh3 e3 25. f4 Qe4 26. Rfe1 g6 27. Rd4 Qxd4 28.
Qxe6+ Kh8 29. Rxe3 Rae8 0-1

[Event "Early-Titled-Tuesday-Blitz-March-26-2024"]
[Site "Chess.com"]
[Date "2024.03.26"]
[Round "9"]
[White "yaguigor"]
[Black "Adar_07"]
[Result "0-1"]
[WhiteElo "2580"]
[BlackElo "2785"]
[TimeControl "180+1"]
[EndTime "9:42:50 PDT"]
[Termination "Adar_07 won by resignation"]

1. e4 c5 2. Nf3 Nc6 3. d4 cxd4 4. Nxd4 Nf6 5. Nc3 e5 6. Ndb5 d6 7. Bg5 a6 8. Na3 b5 9. Nd5 Be7 10. Bxf6 Bxf6 11. c4 b4 12. Nc2 Rb8 13. b3 O-O 14. g3 Bg5 15. Bg2 f5 16. exf5 Bxf5 17. O-O Kh8 18.
f4 exf4 19. Nxf4 Bxc2 20. Qxc2 Bxf4 21. gxf4 Nd4 22. Qe4 Qb6 23. Kh1 Rbe8 24. Qd5 Nc2 25. Rad1 Ne3 26. Qxd6 Qxd6 27. Rxd6 Nxf1 28. Bxf1 Rxf4 29.
Kg2 Ref8 30. Bd3 Rf2+ 31. Kg3 Rxa2 32. c5 Rb2 33. Bc4 a5 34. Ra6 Ra2 35. c6 a4 36.
bxa4 Rc2 37. Be6 b3 38. Rb6 b2 39. Bd7 h5 40. a5 Ra8 41. Bf5 Rc3+ 42. Kh4 Rc5 43. c7 Rxf5 44. Rb8+ Rf8 0-1

[Event "Early-Titled-Tuesday-Blitz-March-26-2024"]
[Site "Chess.com"]
[Date "2024.03.26"]
[Round "9"]
[White "Agibileg"]
[Black "ContrVersia"]
[Result "0-1"]
[WhiteElo "2757"]
[BlackElo "2924"]
[TimeControl "180+1"]
[EndTime "9:42:52 PDT"]
[Termination "ContrVersia won by checkmate"]

1. d4 Nf6 2. c4 g6 3. Nc3 Bg7 4. e4 d6 5. Be2 O-O 6. Nf3 e5 7. O-O Na6 8. Be3 Qe7 9. Re1 c6 10. Bf1 Bg4 11. h3 Bxf3 12. Qxf3 exd4 13. Bxd4 Rfe8 14.
Rad1 Nc5 15. e5 Nfd7 16. exd6 Qxe1 17. Rxe1 Rxe1 18. Bxg7 Kxg7 19. Nd5 cxd5 20. Qc3+ Re5 21. f4 d4 22. Qxd4 Ne6 23. Qd2 Re4 24. g3 Rd4 25.
Qc3 Kg8 26. Bg2 Rxd6 27. Bxb7 Re8 28. Bd5 Nc7 29. Qb4 Rb6 30. Qa4 Rxb2 31. Bxf7+ Kxf7 32. Qxd7+ Re7 33. Qd1 Rxa2 34. c5 Rae2 35. Qb3+ Kf8 36.
g4 Rd2 37. Qb1 Nd5 38. f5 g5 39. c6 a5 40. Qb8+ Kf7 41. Kf1 Ree2 42. Qa7+ Kf6 43.
c7 Rf2+ 44. Ke1 Rde2+ 45. Kd1 Nc3+ 46. Kc1 Rc2# 0-1